 Dungeon Crawl Stone Soup version 0.29-a0-275-g389c0b56f3 (webtiles) character file.

Game seed: 3730538738951170435

1334 drugrobin the Cleaver (level 8, -2/102 HPs)
             Began as a Demigod Fighter on Mar 12, 2022.
             Slain by a wraith (10 damage)
             ... on level 6 of the Dungeon.
             The game lasted 00:14:16 (5582 turns).

drugrobin the Cleaver (Demigod Fighter)             Turns: 5582, Time: 00:14:16

Health: -2/102     AC: 14    Str: 25    XL:     8   Next: 12%
Magic:  0/10       EV:  7    Int: 10    God:
Gold:   371        SH:  4    Dex: 13    Spells: 7/7 levels left

rFire   . . .      SeeInvis .   a - +0 war axe
rCold   + . .      Faith    .   c - +0 buckler
rNeg    . . .      Spirit   +   u - +0 chain mail
rPois   .          Reflect  .   D - +2 helmet
rElec   .          Harm     .   l - +0 cloak
rCorr   .          Rampage  .   (no gloves)
Will    .....                   g - +0 pair of boots
Stlth   ..........              y - amulet of guardian spirit
HPRegen 0.27/turn               r - ring of protection from cold
MPRegen 0.12/turn               (no ring)

@: berserking, hasted and slowed
A: high MP 1, forlorn, divine attributes
a: no special abilities


You were on level 6 of the Dungeon.
You visited 1 branch of the dungeon, and saw 6 of its levels.
You also visited: Sewer.

You collected 371 gold pieces.

Inventory:

Hand Weapons
 a - a +0 war axe (weapon)
 b - a +0 dagger of venom
 d - the +10 long sword "Nythat" {flame, Str+6}
   (You found it on level 4 of the Dungeon)

   It burns those it strikes, dealing additional fire damage.
   Big, fiery blades are also staple armaments of hydra-hunters.
   Str:       It affects your strength (+6).
Missiles
 n - a throwing net
 x - 12 poisoned darts (quivered)
Armour
 c - a +0 buckler (worn)
 g - a +0 pair of boots (worn)
 l - a +0 cloak (worn)
 u - a +0 chain mail (worn)
 D - a +2 helmet (worn)
Jewellery
 r - a ring of protection from cold (left hand)
 y - an amulet of guardian spirit (around neck)
Wands
 w - a wand of flame (15)
 E - a wand of polymorph (3)
Scrolls
 k - 3 scrolls of brand weapon
 m - a scroll of amnesia {unknown}
 o - a scroll of teleportation {unknown}
 t - 4 scrolls of identify
 v - a scroll of magic mapping
 B - a scroll of fog {unknown}
 F - a scroll of fear {unknown}
Potions
 e - 4 potions of curing {unknown}
 f - 2 potions of heal wounds {unknown}
 h - 3 potions of brilliance {unknown}
 i - a potion of berserk rage
 j - a potion of attraction
 p - 2 potions of haste
 q - 4 potions of resistance
 s - 2 potions of mutation {unknown}
 z - 2 potions of degeneration {unknown}
 A - a potion of might
 C - a potion of flight {unknown}


   Skills:
 + Level 5.3 Fighting
 * Level 8.4 Axes
 - Level 2.6 Armour
 - Level 2.6 Shields


You had 7 spell levels left.
You didn't know any spells.
Your spell library contained the following spells:

 Spells                   Type           Power      Damage    Failure   Level
 Freeze                   Ice            0%         1d3       98%         1
 Frozen Ramparts          Ice            0%         1d2       100%        3
 Inner Flame              Hex/Fire       0%         N/A       100%        3
 Cause Fear               Hex            0%         N/A       100%        4
 Hailstorm                Conj/Ice       0%         3d3       100%        4
 Discord                  Hex            0%         N/A       100%        8


Dungeon Overview and Level Annotations

Branches:
Dungeon (6/15)              Sewer (visited)
 Temple: D:4-7

Annotations:
D:3 2 transporters, spaghetti's ghost, weakling DsCK


Innate Abilities, Weirdness & Mutations

You have an increased reservoir of magic. (+10% MP)
You shall have no god before yourself.
Your divine heritage dramatically boosts your attributes as you level up.


Message History

The hog bites you but does no damage. You block the hog's attack.
The wraith hits you.
* * * LOW HITPOINT WARNING * * *
The wraith drains your vigour!
You feel as though you will be slow longer.
As you read the scroll labelled NAZAME TUPSUPP, it crumbles to dust.
You feel aware of your surroundings.
It was a scroll of magic mapping.
The hog bites you but does no damage. You block the wraith's attack.
The hog bites you.
* * * LOW HITPOINT WARNING * * *
The wraith completely misses you.
Unknown command.
Unknown command.
You feel yourself speed up. The hog bites you.
* * * LOW HITPOINT WARNING * * *
The wraith barely misses you. The hog bites you but does no damage.
The hog attacks as you move away! The hog bites you.
* * * LOW HITPOINT WARNING * * *
The hog closely misses you. The hog attacks as you move away!
The hog barely misses you.
Found a scroll labelled QOUDGH ZEKKE.
Okay, then.
Unknown command.
A red film seems to cover your vision as you go berserk!
You feel yourself moving faster!
You feel mighty! The wraith closely misses you. You block the hog's attack.
Unknown command.
Unknown command.
You hit the wraith but do no damage.
The wraith is moderately damaged.
You barely miss the hog. The hog barely misses you.
The wraith barely misses you. You block the hog's attack.
Unknown command.
Unknown command.
Unknown command.
You slash the wraith!
The wraith is almost destroyed.
You hit the hog. The wraith hits you but does no damage.
The hog bites you but does no damage. The wraith hits you!
You die...

........* *,,,,,,,,,,,,,* ****
......!.* *,,,,,,,,.....* *,,,
...W....* *,,,,,,......?* **,**
........* *******#......* #...<
........* #......* #..#.
........* ######......* #....
........* #..........,* #....
)############..h...##########...#
............)..W@.........,....>#
..#####....##......###########..#
#.# #....##.....)..............
#.# #....##.......#########.#.#
#.## #.........###.#.....#...#.#
#..####.###.....# #.#.###.#...#.#
.....##.# #.....# #.#.# #.#.#.#.#
.....##.###.....# #.#.# #.#.#.#.#
.....'....+.....# #.#.# #.###.#.#


You could see a hog and a wraith.

Vanquished Creatures
  An ice beast (D:5)
  A black bear (D:4)
  3 ogres (D:5)
  2 centaurs (D:5)
  A phantom (D:5)
  2 necrophages
  A bullfrog (D:6)
  A scorpion (D:5)
  A howler monkey (D:5)
  A jelly (Sewer)
  A hound (D:6)
  2 iguanas
  2 orc wizards
  5 adders
  3 river rats (Sewer)
  An ufetubus (D:5)
  A worm (Sewer)
  4 dart slugs
  12 orcs
  11 endoplasms
  8 giant cockroaches
  8 goblins
  3 hobgoblins
  4 jackals (D:3)
  5 kobolds
  10 quokkas
  9 ball pythons
  8 bats
  3 frilled lizards
  8 rats
122 creatures vanquished.

Vanquished Creatures (others)
  3 plants (D:3)
3 creatures vanquished.

Grand Total: 125 creatures vanquished

Notes
Turn   | Place    | Note
-------+----------+-------------------------------------------
     0 | D:1      | drugrobin the Demigod Fighter began the quest for the Orb.
     0 | D:1      | Reached XP level 1. HP: 18/18 MP: 3/3
    56 | D:1      | Reached skill level 2 in Axes
   221 | D:1      | Reached XP level 2. HP: 23/25 MP: 4/4
   535 | D:1      | Reached skill level 3 in Axes
   997 | D:2      | Reached XP level 3. HP: 30/30 MP: 5/5
  1572 | D:3      | Reached skill level 4 in Axes
  1610 | D:3      | Found a glowing drain.
  1618 | D:3      | Reached XP level 4. HP: 37/37 MP: 6/6
  1633 | Sewer    | Entered a sewer
  2247 | Sewer    | Reached skill level 5 in Axes
  2346 | Sewer    | Reached XP level 5. HP: 40/42 MP: 7/7
  2613 | D:3      | Found a transporter.
  2616 | D:3      | Noticed spaghetti's ghost (weakling DsCK)
  2617 | D:3      | Found a transporter.
  3224 | D:4      | Reached XP level 6. HP: 46/51 MP: 8/8
  3315 | D:4      | Reached skill level 6 in Axes
  3691 | D:4      | Identified the +10 long sword "Nythat" {flame, Str+6}
  3700 | D:5      | Entered Level 5 of the Dungeon
  4099 | D:5      | Reached XP level 7. HP: 59/59 MP: 9/9
  4410 | D:5      | Reached skill level 7 in Axes
  4989 | D:5      | Reached skill level 5 in Fighting
  4989 | D:5      | Reached skill level 8 in Axes
  5130 | D:5      | Reached XP level 8. HP: 65/68 MP: 10/10
  5582 | D:6      | Slain by a wraith

Illustrated notes

Levels and vault maps discovered:
D:1:      zaba_arrival_water, layout_basic, hangedman_decor_push,
          chequers_serial_rivers_micro_b
D:2:      wander_river, layout_basic, basic_altar
D:3:      layout_rooms, gammafunk_ghost_mausoleum, portal_sewer_entry_f,
          serial_bayou_pond_b, hangedman_glass_teeth, st_stairs_3
D:4:      layout_rooms, columned_hall_lemuel
D:5:      layout_gridville
D:6:      layout_basic

Skill      XL: |  1  2  3  4  5  6  7 |
---------------+----------------------+-----
Axes           | 2 3 4 5 6 8 |  8.4
Fighting       | 3 4 5 |  5.3
Armour         | |  2.6
Shields        | |  2.6

Action                   |  1- 3 |  4- 6 |  7- 9 || total
-------------------------+-------+-------+-------++-------
Melee: War axe           |    93 |    45 |    65 ||   203
       Dagger            |    16 |   184 |    19 ||   219
Throw: Throwing net      |     3 |       |       ||     3
       Dart              |       |     7 |    10 ||    17
Evoke: Wand              |       |       |     6 ||     6
  Use: Potion            |       |     4 |     2 ||     6
       Scroll            |       |       |     2 ||     2
Armor: Scale mail        |    50 |       |       ||    50
       Chain mail        |    11 |   139 |    75 ||   225
Dodge: Dodged            |    45 |    67 |    35 ||   147
Block: Buckler           |    20 |    36 |    24 ||    80

Table legend: (Time is in decaauts)
 A = Elapsed time spent in this place.
 B = Non-inter-level travel time spent in this place.
 C = Inter-level travel time spent in this place.
 D = Time resting spent in this place.
 E = Time spent auto-exploring this place.
 F = Levels seen in this place.
 G = Mean time per level.
                   A        B        C        D        E       F      G
               +--------+--------+--------+--------+--------+-----+--------+
         Total |   5728 |   5583 |    145 |    976 |   2889 |   7 |  818.3 |
       Dungeon |   4948 |   4803 |    145 |    562 |   2734 |   6 |  824.7 |
         Sewer |    780 |    780 |      0 |    414 |    154 |   1 |  780.0 |
               +--------+--------+--------+--------+--------+-----+--------+

Top non-repeatable levels by time:
     D:5: 1631 daAuts
     D:1: 854 daAuts
   Sewer: 780 daAuts
     D:2: 772 daAuts
     D:3: 729 daAuts
     D:4: 690 daAuts
     D:6: 268 daAuts
